 Dungeon Crawl Stone Soup version 0.29.1 (webtiles) character file.

Game seed: 7998054796820302598

82187 mcbry74 the Brawler (level 15, -2/139 HPs)
             Began as a Troll Gladiator on Sept 14, 2022.
             Was the Champion of Okawaru.
             Slain by a thrashing horror (3 damage)
             ... on level 3 of the Abyss.
             The game lasted 01:50:32 (19758 turns).

mcbry74 the Brawler (Troll Gladiator)              Turns: 19758, Time: 01:50:33

Health: -2/139     AC: 19    Str: 31    XL:     15   Next: 28%
Magic:  14/14      EV:  9    Int: 16    God:    Okawaru [******]
Gold:   1620       SH: 12    Dex: 11    Spells: 11/14 levels left

rFire   + + +      SeeInvis .     - Unarmed
rCold   + + .      Faith    .   L - +2 shield of Resistance {rF++ rC++ Will++}
rNeg    + + .      Spirit   .   Z - +7 swamp dragon scales of Vlad {Drain Fly rPois rF+ Str+5}
rPois   +          Reflect  .   V - +2 hat of the Moon {Drain rPois Int+8 Slay+2}
rElec   .          Harm     .   U - scarf {repulsion}
rCorr   .          Rampage  .   (gloves unavailable)
Will    ++++.                   (boots unavailable)
Stlth   +.........              Y - amulet of regeneration
HPRegen 0.00/turn               K - ring "Leta Leo" {rPois rF+ rN++ Str-2}
MPRegen 0.14/turn               y - ring of Qutzaetz {Will+ Slay+4}

@: sick, flying, repel missiles
A: large, unfitting armour, claws 3, regeneration 1, shaggy fur 1, tough skin 1
a: Renounce Religion, Heroism, Finesse, Duel


You were on level 3 of the Abyss.
You worshipped Okawaru.
Okawaru was exalted by your worship.
You visited 4 branches of the dungeon, and saw 20 of its levels.
You visited the Abyss 1 time.
You also visited: Ice Cave.

You collected 1620 gold pieces.

Inventory:

Hand Weapons
 O - a +6 vorpal eveningstar
Missiles
 a - 4 silver javelins
 c - 3 throwing nets
 d - 17 large rocks (quivered)
 f - a curare-tipped dart
 v - 15 javelins
 x - 6 atropa-tipped darts
 D - 6 boomerangs of dispersal
 G - 29 poisoned darts
 Q - 5 boomerangs
 W - a silver boomerang
Armour
 L - the +2 shield of Resistance (worn) {rF++ rC++ Will++}
   (Okawaru gifted it to you on level 10 of the Dungeon)

   rF:        It greatly protects you from fire.
   rC:        It greatly protects you from cold.
   Will:      It greatly increases your willpower.
 U - a scarf of repulsion (worn)
 V - the +2 hat of the Moon (worn) {Drain rPois Int+8 Slay+2}
   (Okawaru gifted it to you in an ice cave)

   Int:       It affects your intelligence (+8).
   Slay:      It affects your accuracy & damage with ranged weapons and melee
   (+2).
   rPois:     It protects you from poison.
   Drain:     It drains your maximum health when unequipped.
 Z - the +7 swamp dragon scales of Vlad (worn) {Drain Fly rPois rF+ Str+5}
   (Okawaru gifted it to you on level 1 of the Lair of Beasts)

   Str:       It affects your strength (+5).
   rF:        It protects you from fire.
   rPois:     It protects you from poison.
   Fly:       It grants you flight.
   Drain:     It drains your maximum health when unequipped.
Jewellery
 b - an amulet of faith
 i - a +4 ring of evasion
 y - the ring of Qutzaetz (right claw) {Will+ Slay+4}
   (You found it on level 4 of the Dungeon)

   [ring of slaying]

   Slay:      It affects your accuracy & damage with ranged weapons and melee
   (+4).
   Will:      It increases your willpower.
 B - a ring of wizardry
 J - a +6 ring of strength
 K - the ring "Leta Leo" (left claw) {rPois rF+ rN++ Str-2}
   (You found it on level 3 of the Lair of Beasts)

   [ring of protection from fire]

   Str:       It affects your strength (-2).
   rF:        It protects you from fire.
   rPois:     It protects you from poison.
   rN:        It greatly protects you from negative energy.
 M - an amulet of guardian spirit
 R - a ring of protection from cold
 Y - an amulet of regeneration (around neck)
Wands
 F - a wand of quicksilver (3)
 N - a wand of polymorph (7)
Scrolls
 k - 2 scrolls of fear
 l - 5 scrolls of fog
 n - 3 scrolls of vulnerability
 s - 3 scrolls of magic mapping
 t - 4 scrolls of amnesia
 w - 4 scrolls of poison
 H - 4 scrolls of brand weapon
 I - 3 scrolls of identify
 X - 3 scrolls of teleportation
Potions
 g - 4 potions of lignification
 h - a potion of magic {unknown}
 j - 13 potions of curing
 m - 2 potions of haste
 o - 3 potions of flight
 p - 3 potions of might {unknown}
 q - 5 potions of mutation
 r - a potion of brilliance
 u - 6 potions of heal wounds
 z - 2 potions of attraction
 A - 2 potions of invisibility
 C - 3 potions of ambrosia
 E - a potion of berserk rage {unknown}
 P - a potion of cancellation
Miscellaneous
 e - a condenser vane


   Skills:
 + Level 6.6 Fighting
 + Level 11.2 Maces & Flails
 + Level 9.9 Throwing
 + Level 4.8 Armour
 + Level 5.7 Dodging
 + Level 8.6 Shields
 + Level 16.1 Unarmed Combat
 + Level 5.5 Transmutations


You had 11 spell levels left.
You knew the following spells:

 Your Spells              Type           Power      Damage    Failure   Level
a - Beastly Appendage     Tmut           34%        N/A       7%          1
b - Wereblood             Tmut           17%        N/A       11%         2

Your spell library contained the following spells:

 Spells                   Type           Power      Damage    Failure   Level
 Sting                    Tmut/Pois      32%        1d4       22%         1
 Spider Form              Tmut/Pois      8%         N/A       54%         3
 Magic Dart               Conj           0%         1d3       56%         1
 Ignite Poison            Fire/Tmut/Pois 5%         N/A       67%         3
 Poisonous Vapours        Pois/Air       0%         N/A       71%         2
 Searing Ray              Conj           0%         2d4       71%         2
 Dazzling Flash           Conj/Hex       0%         N/A       90%         3
 Mephitic Cloud           Conj/Pois/Air  0%         N/A       90%         3
 Stone Arrow              Conj/Erth      0%         3d7       90%         3
 Anguish                  Hex/Necr       0%         N/A       100%        4
 Fulminant Prism          Conj/Hex       0%         3d6       100%        4
 Hailstorm                Conj/Ice       0%         3d3       100%        4
 Olgreb's Toxic Radiance  Pois           0%         N/A       100%        4
 Agony                    Necr           0%         N/A       100%        5
 Freezing Cloud           Conj/Ice/Air   0%         6-21      100%        5
 Silence                  Hex/Air        0%         N/A       100%        5
 Enfeeble                 Hex            0%         N/A       100%        7
 Lehudib's Crystal Spear  Conj/Erth      0%         10d2      100%        8
 Animate Armour           Summ/Erth      Unusable   N/A       N/A         4
 Simulacrum               Ice/Necr       Unusable   N/A       N/A         6

Dungeon Overview and Level Annotations

Branches:
Dungeon (13/15)            Temple (1/1) D:5            Lair (5/5) D:8
 Shoals (0/4) Lair:3       Spider (0/4) Lair:2        Slime (0/5) Lair:5
    Orc (1/2) D:10          IceCv (visited)
 Vaults: D:13-14

Altars:
Ashenzari
Dithmenos
Elyvilon
Fedhas
Gozag
Hepliaklqana
Kikubaaqudgha
Makhleb
Nemelex Xobeh
Okawaru
Qazlal
Ru
Sif Muna
Uskayaw
Vehumet
Wu Jian
Xom
Yredelemnul
Zin
The Shining One
Jiyva

Shops:
D:7 [   D:8 *   Orc:1 (

Annotations:
D:13 2 transporters, ILmort's ghost, journeyman DsFi; Rupert
Lair:3 2 transporters, Feulaj's ghost, journeyman MiBe


Innate Abilities, Weirdness & Mutations

You are too large for most types of armour.
You have claws for hands.
Your natural rate of healing is unusually fast.
You are covered in fur. (AC +1)
You have tough skin. (AC +1)


Message History

* * * LOW HITPOINT WARNING * * *
The thrashing horror tramples you but does no damage.
The hell hound attacks as you move away!
The hell hound bites you!
* * * LOW HITPOINT WARNING * * *
The thrashing horror barely misses you.
You block the thrashing horror's attack.
The thrashing horror roars!
The thrashing horror tramples you!
* * * LOW HITPOINT WARNING * * *
You are shoved backwards!
Unknown command.
The thrashing horror attacks as you move away!
You block the thrashing horror's attack.
The thrashing horror closely misses you. x2
You block the thrashing horror's attack.
The thrashing horror barely misses you. The thrashing horror tramples you.
* * * LOW HITPOINT WARNING * * *
You are shoved backwards!
Aiming: Duel (89% risk of failure)
Press: ? - help, Dir - move target, f - thrashing horror
Aim: a thrashing horror You fail to use your ability.
The thrashing horror roars!
You block the thrashing horror's attack.
The thrashing horror tramples you but does no damage.
The hell hound closely misses you.
The hell hound attacks as you move away!
The hell hound barely misses you.
A wraith comes into view.
You scratch the hell hound.
The hell hound is lightly wounded.
The hell hound bites you.
* * * LOW HITPOINT WARNING * * *
You mangle the hell hound!!
You kill the hell hound!
Okawaru accepts your kill.
The thrashing horror tramples you but does no damage.
The thrashing horror tramples you.
You die...

.. ..X.
#.#..#.#..#
#...#..#..#.#
##... .##...
#. .#.# .###
#.. 3x.... #
# .####.x.. #
#... ######x#
#. # #...##X#
##.# #@#.# ##
##X## #.#.#
#.. W# ..#.
.. #..#. ...
#. .# .#.# .
# .### . ..


You could see a thrashing horror and a wraith.

Vanquished Creatures
  Frances (D:13)
  Gastronok (Lair:1)
  2 azure jellies (IceCv)
  A quicksilver ooze (IceCv)
  Nessos (Lair:4)
  A dire elephant (Lair:2)
  A minotaur (Lair:1)
  8 boulder beetles
  13 hydras
  A catoblepas (Lair:2)
  6 centaur warriors
  4 two-headed ogres
  Urug (D:13)
  13 spriggans (Lair:5)
  A fire crab (shapeshifter) (D:13)
  2 lindwurms
  A deep elf pyromancer (D:12)
  2 ugly things (D:11)
  2 oklob plants (Lair:5)
  2 manticores (D:12)
  An orc sorcerer (Orc:1)
  2 cyclopes
  11 elephants
  11 cane toads
  3 ice statues (IceCv)
  2 gargoyles (D:13)
  A black mamba (Lair:3)
  A torpor snail (Lair:4)
  4 rime drakes
  14 komodo dragons
  3 kobold demonologists
  An efreet (D:12)
  4 trolls
  A merfolk (Lair:3)
  28 slime creatures
  7 hornets (Lair:5)
  19 blink frogs
  6 polar bears
  4 dream sheep
  A raiju (shapeshifter) (D:9)
  Sigmund (D:2)
  A jumping spider (Lair:2)
  A shadow (D:8)
  4 wraiths
  40 yaks
  3 basilisks
  A yak (shapeshifter) (D:13)
  A redback (Lair:2)
  5 wyverns
  Menkaure (D:5)
  6 vampire mosquitoes
  2 steam dragons (D:8)
  A warg (Orc:1)
  8 water moccasins
  4 acid dragons
  A floating eye (Lair:4)
  A hell hound (Abyss:3)
  9 orc warriors
  A great orb of eyes simulacrum (IceCv)
  4 black bears
  2 sky beasts
  3 boggarts (Lair:5)
  3 ogres (Orc:1)
  2 centaurs (D:8)
  24 wolves
  2 phantoms
  4 kobold brigands
  Blork the orc (D:3)
  12 bullfrogs
  2 necrophages
  4 scorpions
  2 glowing shapeshifter simulacra (IceCv)
  A two-headed ogre simulacrum (D:11)
  9 wights
  11 killer bees
  2 electric eels
  5 howler monkeys
  3 jellies
  6 hounds
  10 orc priests
  2 gnoll boudas
  3 iguanas
  23 orc wizards
  2 spriggan simulacra (D:11)
  7 shapeshifter simulacra (IceCv)
  4 adders
  A white imp (D:8)
  An ufetubus (D:7)
  A worm (D:4)
  4 dart slugs
  56 orcs
  6 endoplasms
  4 giant cockroaches
  6 goblins
  4 hobgoblins
  7 jackals
  4 quokkas
  3 ball pythons
  4 bats (D:1)
  4 frilled lizards (D:1)
  27 kobolds
  5 rats
569 creatures vanquished.

Vanquished Creatures (others)
  A cane toad (Lair:4)
  9 bushes
  24 fungi
  41 plants
75 creatures vanquished.

Grand Total: 644 creatures vanquished

Notes
Turn   | Place    | Note
-------+----------+-------------------------------------------
     0 | D:1      | mcbry74 the Troll Gladiator began the quest for the Orb.
     0 | D:1      | Reached XP level 1. HP: 19/19 MP: 0/0
    66 | D:1      | Reached XP level 2. HP: 28/28 MP: 1/1
   287 | D:1      | Found a faded altar of an unknown god.
   404 | D:1      | Reached XP level 3. HP: 35/35 MP: 2/2
   571 | D:2      | Noticed Sigmund
   582 | D:2      | Killed Sigmund
   583 | D:2      | Reached skill level 5 in Unarmed Combat
   583 | D:2      | Reached XP level 4. HP: 38/42 MP: 3/3
   583 | D:2      | Reached XP level 5. HP: 44/49 MP: 4/4
   770 | D:4      | Reached skill level 6 in Unarmed Combat
   770 | D:4      | Reached XP level 6. HP: 51/57 MP: 5/5
   879 | D:4      | Noticed Blork the orc
   920 | D:3      | Killed Blork the orc
  1270 | D:4      | Noticed a water moccasin
  1282 | D:4      | Killed a water moccasin
  1283 | D:4      | Reached skill level 7 in Unarmed Combat
  1346 | D:4      | Reached XP level 7. HP: 65/65 MP: 6/6
  1642 | D:4      | Identified the ring of Qutzaetz {Will+ Slay+4}
  1841 | D:4      | Reached skill level 8 in Unarmed Combat
  2073 | D:5      | Entered Level 5 of the Dungeon
  2073 | D:5      | Noticed Menkaure
  2092 | D:5      | Killed Menkaure
  2414 | D:5      | Reached skill level 9 in Unarmed Combat
  2458 | D:5      | Found a staircase to the Ecumenical Temple.
  2472 | D:5      | Reached XP level 8. HP: 68/72 MP: 7/7
  2478 | Temple   | Entered the Ecumenical Temple
  2534 | Temple   | Became a worshipper of Warmaster Okawaru
  3226 | D:6      | Reached skill level 10 in Unarmed Combat
  3809 | D:6      | Reached skill level 11 in Unarmed Combat
  3824 | D:6      | Found a burning altar of Makhleb.
  4176 | D:7      | Reached * piety under Okawaru
  4177 | D:7      | Reached skill level 1 in Maces & Flails
  4257 | D:7      | Found Ydenn's Armour Emporium.
  4627 | D:7      | Learned a level 1 spell: Beastly Appendage
  5197 | D:8      | Noticed a troll
  5211 | D:7      | Killed a troll
  5212 | D:7      | Reached skill level 1 in Transmutations
  5212 | D:7      | Reached XP level 9. HP: 38/79 MP: 8/8
  5288 | D:7      | Learned a level 2 spell: Wereblood
  5298 | D:8      | Reached ** piety under Okawaru
  5320 | D:8      | Found Motale's General Store.
  5447 | D:8      | Reached skill level 12 in Unarmed Combat
  5505 | D:8      | Reached *** piety under Okawaru
  5539 | D:8      | Reached XP level 10. HP: 87/87 MP: 9/9
  5579 | D:8      | Reached skill level 5 in Maces & Flails
  6049 | D:8      | Found a blossoming altar of Fedhas.
  6134 | D:8      | Reached **** piety under Okawaru
  6146 | D:8      | Found a staircase to the Lair.
  6907 | D:9      | Found a basalt altar of Yredelemnul.
  7114 | D:10     | Entered Level 10 of the Dungeon
  7143 | D:10     | Received a gift from Okawaru
  7147 | D:10     | Reached skill level 13 in Unarmed Combat
  7238 | D:10     | Found a staircase to the Orcish Mines.
  7372 | D:10     | Noticed a boulder beetle
  7422 | D:10     | Reached ***** piety under Okawaru
  7551 | D:10     | Killed a boulder beetle
  7551 | D:10     | Received a gift from Okawaru
  7551 | D:10     | Found the +2 shield of Resistance {rF++ rC++ Will++}
  7552 | D:10     | Reached XP level 11. HP: 93/93 MP: 10/10
  8045 | D:11     | Noticed a boulder beetle
  8056 | D:11     | Killed a boulder beetle
  8057 | D:11     | Reached skill level 1 in Shields
  8185 | D:11     | Reached skill level 5 in Throwing
  8206 | D:11     | Found a frozen archway.
  8206 | D:11     | Noticed a red ugly thing
  8219 | D:11     | Killed a red ugly thing
  8248 | IceCv    | Entered an ice cave
  9361 | IceCv    | Reached skill level 14 in Unarmed Combat
  9577 | IceCv    | Received a gift from Okawaru
  9586 | IceCv    | Noticed a quicksilver ooze
  9591 | IceCv    | Killed a quicksilver ooze
  9591 | IceCv    | Reached ****** piety under Okawaru
  9592 | IceCv    | Reached XP level 12. HP: 84/101 MP: 0/11
  9694 | IceCv    | Noticed an azure jelly
  9708 | IceCv    | Killed an azure jelly
  9745 | IceCv    | Found a viscous altar of Jiyva.
  9745 | IceCv    | Noticed an azure jelly
  9763 | IceCv    | Killed an azure jelly
  9763 | IceCv    | Identified the +2 hat of the Moon {Drain rPois Int+8
                  | Slay+2} (Okawaru gifted it to you in an ice cave)
  9763 | IceCv    | Received a gift from Okawaru
  9931 | IceCv    | Got the Monograph on the Glacier
 10036 | D:11     | Noticed a five-headed hydra
 10037 | D:11     | Noticed a two-headed ogre
 10349 | D:10     | Killed a five-headed hydra
 10350 | D:10     | Reached skill level 5 in Shields
 10404 | D:11     | Killed a two-headed ogre
 10433 | D:11     | Noticed an eight-headed hydra
 10442 | D:11     | Killed an eight-headed hydra
 10720 | Orc:1    | Entered Level 1 of the Orcish Mines
 10896 | Orc:1    | Found Yceokk's Weapon Boutique.
 11506 | Lair:1   | Entered Level 1 of the Lair of Beasts
 11887 | Lair:1   | Noticed Gastronok
 11948 | Lair:1   | Killed Gastronok
 12330 | Lair:1   | Identified the +7 swamp dragon scales of Vlad {Drain Fly
                  | rPois rF+ Str+5} (Okawaru gifted it to you on level 1 of
                  | the Lair of Beasts)
 12330 | Lair:1   | Received a gift from Okawaru
 12331 | Lair:1   | Reached XP level 13. HP: 93/114 MP: 12/12
 12349 | Lair:1   | Reached skill level 15 in Unarmed Combat
 12390 | Lair:1   | Found a runed translucent door.
 12550 | Lair:1   | Noticed a minotaur
 12559 | Lair:1   | Killed a minotaur
 13151 | Lair:2   | Reached skill level 1 in Armour
 13164 | Lair:2   | Found a hole to the Spider Nest.
 13259 | Lair:2   | Noticed a dire elephant
 13273 | Lair:2   | Killed a dire elephant
 13274 | Lair:2   | Reached skill level 10 in Maces & Flails
 13374 | Lair:2   | Found the +4 robe of Augmentation {Str+4 Int+4 Dex+4}
 13849 | Lair:3   | Noticed Feulaj's ghost (journeyman MiBe)
 14080 | Lair:3   | Received a gift from Okawaru
 14100 | Lair:3   | Found the +9 heavy crossbow "Sniper" {vorpal, Acc+∞ SInv}
 14123 | Lair:3   | Found a hide-covered altar of Uskayaw.
 14126 | Lair:3   | Found an ornate altar of the Wu Jian Council.
 14208 | Lair:3   | Received a gift from Okawaru
 14224 | Lair:3   | Identified the ring "Leta Leo" {rPois rF+ rN++ Str-2}
 14474 | Lair:3   | Identified the amulet "Ynezaus" {Spirit -Cast rN+ Will+}
 14533 | Lair:3   | Found a transporter.
 14537 | Lair:3   | Found a transporter.
 14576 | Lair:3   | Found a staircase to the Shoals.
 14764 | Lair:4   | Noticed Nessos
 14938 | Lair:3   | Reached skill level 5 in Fighting
 14987 | Lair:4   | Killed Nessos
 16021 | Lair:5   | Entered Level 5 of the Lair of Beasts
 16029 | Lair:4   | Reached XP level 14. HP: 119/127 MP: 13/13
 16163 | Lair:5   | Paralysed by a floating eye for 3 turns
 16340 | Lair:5   | Received a gift from Okawaru
 16974 | Lair:5   | Found a viscous altar of Jiyva.
 17024 | Lair:5   | Found a staircase to the Slime Pits.
 17132 | Lair:5   | Reached skill level 5 in Dodging
 17607 | Lair:5   | Reached skill level 5 in Transmutations
 18371 | D:12     | Identified the +2 hat of Springtime {Dex+8 Stlth-} (Okawaru
                  | gifted it to you on level 12 of the Dungeon)
 18371 | D:12     | Received a gift from Okawaru
 18794 | D:13     | Noticed Frances
 18921 | D:13     | Reached XP level 15. HP: 111/137 MP: 14/14
 18948 | D:13     | Noticed Urug
 18983 | D:13     | Killed Urug
 19169 | D:13     | Noticed a tengu reaver
 19289 | D:13     | Found a transporter.
 19289 | D:13     | Noticed ILmort's ghost (journeyman DsFi)
 19290 | D:13     | Found a transporter.
 19323 | D:13     | Killed Frances
 19324 | D:13     | Reached skill level 16 in Unarmed Combat
 19577 | D:13     | Identified the +8 scimitar of Valour {freeze, +Blink Dex+2}
 19675 | D:13     | Noticed Rupert
 19691 | Abyss:3  | Cast into level 3 of the Abyss (Rupert)
 19752 | Abyss:3  | HP: 6/139 [thrashing horror (6)]
 19757 | Abyss:3  | HP: 1/139 [hell hound (5)]
 19758 | Abyss:3  | Slain by a thrashing horror

Illustrated notes

Levels and vault maps discovered:
D:1:      minmay_arrival_doors, layout_rooms,
          hellmonk_ecumenical_altar_pennies_from_heaven
D:2:      layout_loops_ring, serial_bayou, serial_bayou_pond_e,
          serial_bayou_shore_a, serial_bayou_ford_a, serial_bayou_lagoon_a,
          uniq_sigmund
D:3:      minmay_diamond_boxcup, layout_basic, nrook_mini_backslash,
          uniq_terence, uniq_crazy_yiuf_cottage
D:4:      minmay_razor_zed, layout_basic, uniq_blork_the_orc
D:5:      layout_loops_ring, minmay_temple_entry_grid, kennysheep_potato,
          uniq_menkaure
D:6:      layout_loops_ring, lightli_temple_of_fire
D:7:      layout_cave_pods, serial_shops, shop, kennysheep_generic_room_8
D:8:      layout_cave_pools, fedhas_altar_4, erik_lair_island, serial_shops,
          nicolae_shop_hallway_plus, moated_statue, kennysheep_kite_vault
D:9:      layout_irregular_city, kennysheep_mini_moat
D:10:     layout_gridville, orc_0_dummy, minivault_27
D:11:     layout_roguey, portal_ice_cave_entry_ice_simulacra
D:12:     layout_layer_cave, st_stairs_13
D:13:     layout_basic, gammafunk_ghost_arena, minmay_pinched_square,
          uniq_rupert, uniq_frances, uniq_urug
Temple:   compressed_dpeg_triangle_lava_temple
Lair:1:   dreamdust_labyrinth, layout_long_grid, uniq_gastronok
Lair:2:   layout_gridlike, spider_nest_entry_a, nicolae_lair_grazing_beasts
          [nicolae_sub_lair_graze_edge, nicolae_sub_lair_graze_edge,
          nicolae_sub_lair_graze_edge, nicolae_sub_lair_graze_edge],
          lemuel_fruit_fields
Lair:3:   nzn_winding_woodlands_cross [nzn_winding_woodlands_5x15_pool,
          nzn_winding_woodlands_5x15_longhouse,
          nzn_winding_woodlands_5x15_sidewinder,
          nzn_winding_woodlands_5x15_pathside_ponds,
          nzn_winding_woodlands_15x15_eel_pit], layout_regular_city,
          elwin_shoals_entry_rooms, gammafunk_ghost_hive,
          nzn_masters_of_martial_movement, lemuel_fruit_fields
Lair:4:   layout_regular_city, nzn_sisyphean_effort, uniq_nessos
Lair:5:   minmay_lair_end_enchanted_forest, layout_cave_pods, slime_entry_1,
          st_stairs_10, disabler_island
Orc:1:    layout_caves, serial_shops, nicolae_shop_bloodbath_and_beyond
Abyss:3:  base: Lair:4, gammafunk_abyss_exit_x_factor, evilmike_abyss_exit_4,
          minivault_19

Skill      XL: |  1  2  3  4  5  6  7  8  9 10 11 12 13 14 15 |
---------------+----------------------------------------------+-----
Fighting       | 2 3 5 6 |  6.6
Dodging        | 3 4 5 |  5.7
Unarmed Combat | 5 6 7 9 11 12 13 14 15 16 | 16.1
Maces & Flails | 2 4 7 8 9 10 11 | 11.2
Transmutations | 1 3 4 5 |  5.5
Throwing       | 4 6 8 9 |  9.9
Shields        | 4 6 7 8 |  8.6
Armour         | 2 4 |  4.8

Action                   |  1- 3 |  4- 6 |  7- 9 | 10-12 | 13-15 || total
-------------------------+-------+-------+-------+-------+-------++-------
Melee: Unarmed           |   106 |    60 |   249 |   552 |   746 ||  1713
       Punch             |     2 |     1 |     8 |     7 |       ||    18
       Kick              |       |       |     5 |       |     1 ||     6
       Headbutt          |       |       |     4 |       |     1 ||     5
       Morningstar       |       |       |       |     6 |    66 ||    72
       Eveningstar       |       |       |       |       |     8 ||     8
Throw: Large rock        |       |       |       |    26 |    16 ||    42
       Throwing net      |       |       |       |     1 |       ||     1
       Javelin           |       |       |       |       |    10 ||    10
 Cast: Beastly Appendage |       |       |     1 |       |     1 ||     2
       Wereblood         |       |       |       |       |     1 ||     1
Invok: Heroism           |       |       |       |     2 |     1 ||     3
       Finesse           |       |       |       |     1 |     3 ||     4
  Use: Scroll            |       |       |    11 |     8 |     7 ||    26
       Potion            |       |       |       |     7 |       ||     7
 Stab: Sleeping          |       |     1 |     2 |       |       ||     3
       Distracted        |       |       |       |       |     1 ||     1
Armor: Robe              |    26 |    11 |    19 |       |       ||    56
       Troll leather arm |       |       |    21 |   151 |     8 ||   180
       Swamp dragon scal |       |       |       |       |   383 ||   383
Dodge: Dodged            |    80 |    24 |   186 |   315 |   331 ||   936
       Repelled          |       |       |       |       |     6 ||     6
Block: Kite shield       |       |       |       |   134 |   483 ||   617
